Map: Proxima Station LE

Players

Zanster - Winner!

  • Race: Zerg Zerg
  • Spawn Location: 7:00

WeRiano

  • Race: Protoss Protoss
  • Spawn Location: 1:00

Event: WCS Jonkoping 2017

VOD

Have the link to the VOD?

Description

Time

  • Played on: June 17, 2017, 9:54 a.m.
  • Length: 4:37

All games in this series

Show
View Real Time Build Order
Export as new Build Order

Zanster Zerg - Winner!

Build Orders: Hatch First 

Get SALT Encoding   

  12  0:01  Drone  
  13  0:13  Overlord  
  13  0:18  Drone  
  14  0:32  Drone x2  
  16  0:36  Drone  
  17  0:53  Hatchery  
  17  0:56  Drone  
  17  0:59  Drone  
  18  1:11  Extractor  
  17  1:14  Spawning Pool  
  17  1:16  Drone  
  17  1:20  Drone  
  18  1:29  Drone  
  19  1:40  Drone  
  20  1:52  Overlord  
  20  2:04  Queen  
  20  2:05  Queen  
  20  2:06  Zergling x4  
  26  2:10  Metabolic Boost  
  26  2:12  Drone  
  27  2:17  Drone  
  28  2:23  Drone  
  28  2:28  Drone  
  30  2:35  Drone  
  31  2:39  Hatchery  
  31  2:40  Drone  
  31  2:50  Zergling x4  
  33  2:55  Overlord  
  33  3:16  Zergling x18  
  42  3:20  Overlord  
  42  3:22  Evolution Chamber  
  42  3:25  Zergling x2  
  42  3:32  Zergling x2  
  43  3:38  Overlord  
  43  3:49  Zergling x16  
  43  3:51  Zergling x2  
  52  4:04  Zergling x6  
  52  4:08  Overlord  
  57  4:19  Zergling x6  
Show
View Real Time Build Order
Export as new Build Order

WeRiano Protoss 

Build Orders: 1 Gate Expand, Dark Templar Rush 

Get SALT Encoding   

  12  0:01  Probe (Chrono Boost)  
  13  0:11  Probe (Chrono Boost)  
  14  0:19  Pylon  
  14  0:22  Probe (Chrono Boost)  
  15  0:37  Probe (Chrono Boost)  
  15  0:38  Gateway  
  16  0:48  Probe (Chrono Boost)  
  16  0:49  Assimilator  
  17  0:58  Probe (Chrono Boost)  
  18  1:09  Probe (Chrono Boost)  
  19  1:19  Probe (Chrono Boost)  
  20  1:27  Nexus  
  20  1:36  Cybernetics Core  
  20  1:40  Probe (Chrono Boost)  
  20  1:45  Assimilator  
  21  1:51  Probe (Chrono Boost)  
  22  1:55  Pylon  
  22  2:01  Probe (Chrono Boost)  
  23  2:15  Stalker (Chrono Boost), Warp Gate  
  25  2:17  Probe  
  26  2:29  Probe  
  27  2:33  Twilight Council  
  27  2:37  Probe  
  27  2:41  Probe  
  29  2:48  Probe, Adept (Chrono Boost)  
  32  2:54  Probe  
  33  2:58  Probe  
  34  3:06  Probe (Chrono Boost)  
  34  3:11  Robotics Facility  
  35  3:13  Probe (Chrono Boost)  
  35  3:17  Probe (Chrono Boost)  
  36  3:22  Dark Shrine  
  36  3:24  Probe (Chrono Boost)  
  37  3:28  Probe (Chrono Boost)  
  37  3:32  Pylon  
  38  3:35  Probe (Chrono Boost)  
  38  3:38  Probe (Chrono Boost)  
  40  3:45  Pylon, Probe (Chrono Boost)  
  41  3:49  Probe (Chrono Boost)  
  41  3:53  Gateway x2  
  44  4:03  Probe x2  
  46  4:10  Assimilator  
  46  4:13  Probe  
  46  4:14  Assimilator  
  46  4:16  Probe  
  48  4:18  Pylon  
  46  4:29  Pylon  
  46  4:30  Pylon  
Tags
 
Add a new tag
Caveats
  • Supply blocks, unpowered buildings, or Contaminate may cause inaccurate times.
  • Supply counts are checked every 10 seconds.